 Seeded DCSS version 0.28-a0-823-gb444dcf96d (webtiles) character file.

Game seed: 5494768922653061978 (custom seed)

349 croobank the Sneak (level 6, 0/25 HPs)
             Began as a Felid Enchanter on Nov 9, 2021.
             Was an Initiate of Gozag.
             Slain by a killer bee (1 damage)
             ... on level 7 of the Dungeon.
             The game lasted 01:06:48 (8172 turns).

croobank the Sneak (Felid Enchanter)                Turns: 8172, Time: 01:06:48

Health: 0/25       AC:  2    Str:  6    XL:     6   Next: 33%
Magic:  10/13      EV: 19    Int: 17    God:    Gozag
Gold:   404        SH:  0    Dex: 16    Spells: 3/13 levels left
                                        Lives:  0   Deaths: 2

rFire   . . .      SeeInvis +     - Unarmed
rCold   . . .      Faith    .   (shield unavailable)
rNeg    . . .      Spirit   .   (armour unavailable)
rPois   +          Reflect  .   (helmet unavailable)
rElec   .          Harm     .   (cloak unavailable)
rCorr   .          Rampage  .   (gloves unavailable)
Will    .....                   (boots unavailable)
Stlth   ++++......              n - amulet of the acrobat
HPRegen 0.08/turn               c - ring of poison resistance
MPRegen 0.13/turn               (no ring)

@: very slightly contaminated, hasted, very quick
A: very small, claws 1, fangs 3, see invisible, speed 1, shaggy fur 2, stealthy
paws, no weapons or thrown items, no armour, multi-lived
a: Renounce Religion, Potion Petition, Call Merchant, Bribe Branch


You were on level 7 of the Dungeon.
You worshipped Gozag.
Gozag was aware of your devotion.
You visited 2 branches of the dungeon, and saw 8 of its levels.

You collected 498 gold pieces.
You paid 94 gold pieces to Gozag.

Inventory:

Missiles
 d - 158 stones
Jewellery
 c - a ring of poison resistance (left paw)
 k - a ring of flight
 n - an amulet of the acrobat (around neck)
Wands
 i - a wand of flame (17)
 m - a wand of digging (5)
Scrolls
 b - 2 scrolls of noise {unknown}
 h - a scroll of blinking {unknown}
 l - a scroll of enchant weapon
Potions
 f - 2 potions of resistance
 j - a potion of degeneration


   Skills:
 + Level 0.8 Fighting
 + Level 5.1 Dodging
 + Level 7.5 Stealth
 + Level 5.3 Unarmed Combat
 + Level 4.0 Spellcasting
 + Level 7.1 Hexes
 + Level 1.1 Transmutations
 + Level 1.1 Ice Magic


You had 3 spell levels left.
You knew the following spells:

 Your Spells              Type           Power      Damage    Failure   Level
a - Ensorcelled Hibernat  Hex/Ice        34%        N/A       4%          2
b - Tukima's Dance        Hex            27%        N/A       2%          3
c - Wereblood             Tmut           7%         N/A       16%         2
d - Confusing Touch       Hex            27%        N/A       2%          3

Your spell library contained the following spells:

 Spells                   Type           Power      Damage    Failure   Level
 Dazzling Flash           Conj/Hex       30%        N/A       11%         3
 Sublimation of Blood     Necr           3%         N/A       24%         2
 Ozocubu's Armour         Ice            7%         N/A       28%         3
 Call Canine Familiar     Summ           3%         N/A       43%         3
 Leda's Liquefaction      Hex/Erth       7%         N/A       36%         4
 Metabolic Englaciation   Hex/Ice        8%         N/A       63%         5
 Simulacrum               Ice/Necr       2%         N/A       100%        6
 Summon Hydra             Summ           1%         N/A       100%        7
 Portal Projectile        Hex/Tloc       Unusable   N/A       N/A         3

Dungeon Overview and Level Annotations

Branches:
Dungeon (7/15)             Temple (1/1) D:5

Altars:
Ashenzari
Cheibriados
Dithmenos
Elyvilon
Fedhas
Gozag
Hepliaklqana
Kikubaaqudgha
Makhleb
Nemelex Xobeh
Okawaru
Qazlal
Ru
Sif Muna
Trog
Uskayaw
Vehumet
Xom
Yredelemnul
Zin
The Shining One

Shops:
D:5 :

Annotations:
D:2 Natasha
D:3 Grinder


Innate Abilities, Weirdness & Mutations

You have sharp claws.
You have razor-sharp teeth.
You have supernaturally acute eyesight. (SInv)
You cover ground quickly. (Speed+)
You are covered in thick fur. (AC +2)
Your paws help you pounce on unaware monsters.
You are incapable of wielding weapons or throwing items.
You cannot wear armour.
You gain extra lives every three experience levels.


Message History

Aiming: Throw Flame
Press: ? - help, Shift-Dir - straight line, f/p - white imp
Aim: a white imp (severely wounded, 68% to hit)
The puff of flame hits the white imp but does no damage.
The white imp is severely wounded.
Press: ? - help, v - describe, . - travel The floor.
Unknown command.
You flicker back into view.
You see here 20 arrows.
Casting: Ensorcelled Hibernation (safe; 4% risk of failure)
Confirm with . or Enter, or press ? or * to list all spells.
Aiming: Ensorcelled Hibernation (safe; 4% risk of failure)
Press: ? - help, Shift-Dir - straight line, f - killer bee
Aim: a killer bee (chance to affect: 56%)
The killer bee resists with significant effort.
The killer bee misses you. The killer bee closely misses you.
Casting: Ensorcelled Hibernation (safe; 4% risk of failure)
Confirm with . or Enter, or press ? or * to list all spells.
You miscast Wereblood.
Nothing appears to happen.
The killer bee closely misses you.
The killer bee stings you but does no damage.
Okay, then.
You are a level 6 Felid Enchanter.
You are 33% of the way to level 7.
You'll get an extra life in 3.67 levels' worth of XP.
Play time: 01:06:04 (8168 turns).
Zot will find you in 26921 turns if you stay in this branch and explore no new floors.
Unknown command.
Okay, then.
As you read the scroll labelled HETAOW JUEMUE, it crumbles to dust.
The scroll dissolves into smoke.
It was a scroll of fog.
The killer bee closely misses you. The killer bee barely misses you.
The killer bee completely misses you. The killer bee stings you!
* * * LOW HITPOINT WARNING * * *
It was a potion of haste.
You feel yourself speed up. The killer bee stings you.
You die...
Your body crumbles into a pile of gold.

##### .....#
.....######
#.......##
#......###
#....##..##
##....###..##
##.....#
##..###
##§@###.#
##...## #§y##
#.# ##...#
#§## #.#
#...##
#§§####.#
##....#
##§§##.##
##..##..#
###§(##
##...# #..
#### ##.##.#
#. ##.##### #
##.##


You could see a killer bee.

Vanquished Creatures
  Sigmund (D:3)
  A water moccasin (D:5)
  An ogre (D:5)
  2 centaurs
  A bullfrog (D:6)
  A killer bee (D:6)
  A howler monkey (D:6)
  A bullfrog zombie (D:5)
  3 hounds
  A bullfrog skeleton (D:7)
  Jessica (D:3)
  Natasha (twice) (D:2)
  Terence (D:2)
  An orc wizard (D:6)
  Ijyb (D:3)
  3 gnolls (D:4)
  2 adders
  A shadow imp (D:5)
  An ufetubus (D:5)
  2 worms
  A dart slug (D:5)
  8 orcs
  7 endoplasms
  2 giant cockroaches
  6 hobgoblins
  3 jackals (D:3)
  A quokka (D:2)
  6 ball pythons
  3 bats
  3 frilled lizards
  2 goblins (D:1)
  6 kobolds
  2 rats (D:1)
78 creatures vanquished.

Vanquished Creatures (collateral kills)
  2 killer bees
  3 gnolls (D:6)
  An orc (D:6)
6 creatures vanquished.

Vanquished Creatures (others)
  4 dancing weapons
  9 fungi (D:3)
  2 toadstools (D:3)
15 creatures vanquished.

Grand Total: 99 creatures vanquished

Notes
Turn   | Place    | Note
-------+----------+-------------------------------------------
     0 | D:1      | croobank the Felid Enchanter began the quest for the Orb.
     0 | D:1      | Reached XP level 1. HP: 7/7 MP: 4/4
   466 | D:1      | Found a faded altar of an unknown god.
   489 | D:1      | Reached XP level 2. HP: 11/11 MP: 6/6
   551 | D:1      | Learned a level 2 spell: Ensorcelled Hibernation
   890 | D:1      | Reached skill level 5 in Hexes
  1483 | D:2      | Noticed Terence
  1543 | D:2      | Noticed Natasha
  1569 | D:2      | Killed Natasha
  1570 | D:2      | Reached XP level 3. HP: 14/14 MP: 5/7
  1692 | D:2      | Noticed Natasha
  1702 | D:2      | Killed Natasha
  1703 | D:2      | Reached skill level 5 in Stealth
  1703 | D:2      | Reached XP level 4. HP: 8/18 MP: 5/8
  1726 | D:2      | Noticed Natasha
  1735 | D:2      | Learned a level 3 spell: Tukima's Dance
  2136 | D:2      | Killed Terence
  2590 | D:3      | Noticed Sigmund
  2636 | D:3      | Noticed Grinder
  2696 | D:3      | Learned a level 2 spell: Wereblood
  2808 | D:3      | Noticed Jessica
  2838 | D:3      | Killed Jessica
  2839 | D:3      | Reached XP level 5. HP: 19/21 MP: 4/9
  3372 | D:3      | Noticed Ijyb
  3382 | D:3      | Killed Ijyb
  3787 | D:3      | Killed Sigmund
  3788 | D:3      | Gained mutation: You are covered in thick fur. (AC +2)
                  | [Felid growth]
  3788 | D:3      | Reached XP level 6. HP: 18/25 MP: 8/11
  3902 | D:3      | Learned a level 3 spell: Confusing Touch
  5015 | D:5      | Entered Level 5 of the Dungeon
  5343 | D:5      | Found a staircase to the Ecumenical Temple.
  5344 | D:5      | Noticed a water moccasin
  5355 | D:5      | Killed a water moccasin
  5356 | D:5      | Reached XP level 7. HP: 20/28 MP: 10/12
  5600 | Temple   | Entered the Ecumenical Temple
  5746 | Temple   | Became a worshipper of Gozag Ym Sagoz the Greedy
  6080 | D:5      | Found Tujosonu's Book Shoppe.
  6951 | D:5      | Reached skill level 1 in Transmutations
  7226 | D:6      | Reached skill level 5 in Unarmed Combat
  7226 | D:6      | Reached skill level 1 in Ice Magic
  7237 | D:6      | Reached XP level 8. HP: 28/31 MP: 12/14
  7644 | D:6      | Slain by a killer bee
  7645 | D:6      | Reached XP level 7. HP: -1/28 MP: 13/13
  7654 | D:6      | Reached skill level 5 in Dodging
  7665 | D:6      | HP: 1/28 [killer bee (5)]
  8072 | D:7      | Slain by a killer bee
  8073 | D:7      | Reached XP level 6. HP: -3/25 MP: 12/13
  8170 | D:7      | HP: 1/25 [killer bee (7)]
  8172 | D:7      | Slain by a killer bee

Illustrated notes

Levels and vault maps discovered:
D:1:      kennysheep_arrival_seaside, layout_basic, basic_ecumenical_altar
D:2:      layout_loops_ring, bh_walls_and_bars, uniq_terence, uniq_natasha
D:3:      layout_basic, minmay_gold_behind_fungi, uniq_sigmund, uniq_jessica,
          uniq_grinder, uniq_ijyb
D:4:      layout_basic, grunt_ministairs_14
D:5:      layout_basic, minmay_temple_entry_junction_2, serial_shops,
          nicolae_shop_stone, serial_park_tiny_1
D:6:      layout_basic
D:7:      layout_layer_cave, mainiacjoe_overflow_alcove_1, uniq_joseph,
          uniq_pikel, uniq_harold
Temple:   roderic_octagonal_lattice_temple

Skill      XL: |  1  2  3  4  5  6  7 |
---------------+----------------------+-----
Hexes          | 5 6 7 |  7.1
Dodging        | 3 4 5 |  5.1
Stealth        | 5 6 7 |  7.5
Unarmed Combat | 2 3 4 5 |  5.3
Spellcasting   | 3 4 |  4.0
Transmutations | 1 |  1.1
Ice Magic      | 1 |  1.1
Fighting       | |  0.8

Action                   |  1- 3 |  4- 6 |  7- 9 || total
-------------------------+-------+-------+-------++-------
Melee: Unarmed           |    60 |   146 |   103 ||   309
       Bite              |     6 |    11 |     7 ||    24
       Punch             |       |     4 |       ||     4
 Cast: Ensorcelled Hiber |     3 |     8 |    10 ||    21
       Tukima's Dance    |       |     7 |     4 ||    11
       Wereblood         |       |       |     4 ||     4
       Confusing Touch   |       |       |     1 ||     1
Evoke: Wand              |       |     4 |       ||     4
  Use: Scroll            |       |     6 |     3 ||     9
       Potion            |       |     8 |     1 ||     9
 Stab: Sleeping          |     6 |    11 |     4 ||    21
       Distracted        |       |     1 |       ||     1
Armor: Skin              |     1 |    10 |     7 ||    18
Dodge: Dodged            |    34 |    99 |   121 ||   254

Table legend: (Time is in decaauts)
 A = Elapsed time spent in this place.
 B = Non-inter-level travel time spent in this place.
 C = Inter-level travel time spent in this place.
 D = Time resting spent in this place.
 E = Time spent auto-exploring this place.
 F = Levels seen in this place.
 G = Mean time per level.
                   A        B        C        D        E       F      G
               +--------+--------+--------+--------+--------+-----+--------+
         Total |   7269 |   7167 |    102 |   2050 |   3421 |   8 |  908.6 |
       Dungeon |   7033 |   6949 |     84 |   2050 |   3226 |   7 | 1004.7 |
        Temple |    236 |    218 |     18 |      0 |    195 |   1 |  236.0 |
               +--------+--------+--------+--------+--------+-----+--------+

Top non-repeatable levels by time:
     D:5: 1479 daAuts
     D:2: 1262 daAuts
     D:3: 1160 daAuts
     D:1: 1103 daAuts
     D:4: 919 daAuts
     D:6: 900 daAuts
  Temple: 236 daAuts
     D:7: 208 daAuts
